 Seeded DCSS version 0.32-a0-473-gd044c6f0f0 (webtiles) character file.

Game seed: 3342665431591073458 (custom seed)

177859 CougarLife the Earth Mage (level 17, -3/103 HPs)
             Began as a Gargoyle Earth Elementalist on Feb 26, 2024.
             Was the Champion of Vehumet.
             Incinerated by a sun moth (14 damage)
             ... with a flurry of pyrophoric scales
             ... on level 1 of the Spider Nest.
             The game lasted 01:19:58 (36175 turns).

CougarLife the Earth Mage (GrEE)                   Turns: 36175, Time: 01:19:58

Health: -3/103     AC: 30    Str: 16    XL:     17   Next: 86%
Magic:  22/34      EV: 10    Int: 23    God:    Vehumet [******]
Gold:   2302       SH: 11    Dex: 10    Spells: 9/43 levels left

rFire   . . .        C - staff of conjuration
rCold   + . .        X - +0 kite shield
rNeg    + . .        M - +0 acid dragon scales
rPois   ∞            Q - +2 hat
rElec   +            n - +0 cloak
rCorr   +            k - +0 pair of gloves "Gaylisa" {rPois rC+ Str+3}
SInv    .            z - +0 pair of boots
Will    +....        v - amulet of magic regeneration
Stlth   +            g - +4 ring of protection
HPRegen 0.37/turn    a - +4 ring of protection
MPRegen 0.64/turn

%: no passive effects
@: on fire, corroded, flying, glowing, studying Short Blades
A: sickness immunity, AC +12, big wings, negative energy resistance 1,
electricity resistance, torment resistance 1, petrification resistance
}: 1/15 runes: decaying
a: Renounce Religion


You were on level 1 of the Spider Nest.
You worshipped Vehumet.
Vehumet was exalted by your worship.
You visited 6 branches of the dungeon, and saw 29 of its levels.
You also visited: Sewer, Ossuary, Bailey and Gauntlet.

You collected 2676 gold pieces.
You spent 374 gold pieces at shops.

Inventory:

Hand Weapons
 b - the +0 trident "Coepad" {flame, *Noise rPois rC+++ SInv}
   (You found it on level 12 of the Dungeon)

   rC+++:     It renders you almost immune to cold.
   rPois:     It protects you from poison SInv: It lets you see invisible.
   *Noise:    It may make a loud noise when swung.
Missiles
 L - 3 throwing nets
Armour
 k - the +0 pair of gloves "Gaylisa" (worn) {rPois rC+ Str+3}
   (You found it in a Gauntlet)

   Str+3:     It affects your strength (+3).
   rC+:       It protects you from cold.
   rPois:     It protects you from poison
 n - a +0 cloak (worn)
 z - a +0 pair of boots (worn)
 M - +0 acid dragon scales (worn)
 Q - a +2 hat (worn)
 X - a +0 kite shield (worn)
Magical Staves
 C - a staff of conjuration (weapon)
Jewellery
 a - a +4 ring of protection (right hand)
 f - a ring of resist corrosion
 g - a +4 ring of protection (left hand)
 l - a ring of positive energy
 v - an amulet of magic regeneration (around neck)
 B - a ring of ice
 U - a +5 ring of evasion
 V - a ring of willpower
Wands
 p - a wand of polymorph (1)
 N - a wand of charming (40)
 S - a wand of light (4)
Scrolls
 c - 13 scrolls of teleportation
 i - 3 scrolls of identify
 m - 6 scrolls of amnesia
 o - 5 scrolls of fog
 r - 5 scrolls of revelation
 s - 4 scrolls of noise
 t - 3 scrolls of blinking
 x - 3 scrolls of immolation
 y - 3 scrolls of fear
 A - 2 scrolls of acquirement
 D - 7 scrolls of enchant armour
 E - 3 scrolls of vulnerability
 F - 2 scrolls of torment
 H - 3 scrolls of silence
 I - 7 scrolls of poison
Potions
 d - 2 potions of haste
 e - 3 potions of heal wounds
 h - 3 potions of lignification
 j - 7 potions of might
 q - 9 potions of curing
 u - 5 potions of invisibility
 w - 8 potions of enlightenment
 G - 2 potions of magic
 J - 4 potions of cancellation {unknown}
 O - 2 potions of brilliance
 P - 4 potions of mutation {unknown}
 R - 2 potions of resistance {unknown}
 W - 2 potions of ambrosia
 Z - 2 potions of attraction {unknown}


   Skills:
 - Level 10.6 Fighting
 - Level 5.6 Armour
 - Level 1.5 Dodging
 - Level 2.1 Stealth
 - Level 11.9 Shields
 + Level 13.8 Spellcasting
 * Level 17.0 Conjurations
 + Level 9.6 Fire Magic
 - Level 4.4 Air Magic
 * Level 18.0 Earth Magic


You had 9 spell levels left.
You knew the following spells:

 Your Spells              Type           Power      Damage    Failure   Level
a - Sandblast             Erth           100%       2d20      0%          1
b - Stone Arrow           Conj/Erth      100%       3d13      0%          3
c - Freezing Cloud        Conj/Ice/Air   32%        6-21      4%          5
d - Lee's Rapid Deconstr  Erth           39%        3d19*     1%          5
e - Starburst             Conj/Fire      43%        6d12      1%          6
f - Conjure Ball Lightni  Conj/Air       39%        3x3d13    5%          6
g - Lehudib's Crystal Sp  Conj/Erth      49%        10d12     13%         8

Your spell library contained the following spells:

 Spells                   Type           Power      Damage    Failure   Level
 Ignition                 Fire           28%        3d9       95%         8
 Chain Lightning          Conj/Air       39%        3d52      100%        9
 Polar Vortex             Ice            7%         12d1*     100%        9
 Shock                    Conj/Air       100%       1d9       1%          1
 Sting                    Conj/Alch      100%       1d9       1%          1
 Mercury Vapours          Alch/Air       52%        N/A       1%          2
 Hailstorm                Conj/Ice       70%        3d12      1%          3
 Mephitic Cloud           Conj/Alch/Air  65%        N/A       1%          3
 Passwall                 Erth           78%        N/A       1%          3
 Brom's Barrelling Bould  Conj/Erth      98%        2d11      1%          4
 Fireball                 Conj/Fire      43%        3d17      1%          5
 Iskenderun's Battlesphe  Conj           96%        2d14      1%          5
 Bombard                  Conj/Erth      49%        9d8       1%          6
 Petrify                  Alch/Erth      55%        N/A       2%          4
 Orb of Destruction       Conj           48%        9d13      2%          7
 Swiftness                Air            36%        N/A       4%          3
 Airstrike                Air            18%        2d(3-19)  4%          4
 Ignite Poison            Fire/Alch      38%        N/A       4%          4
 Apportation              Tloc           30%        N/A       10%         1
 Necrotise                Necr           60%        1d7       10%         1
 Summon Small Mammal      Summ           60%        N/A       10%         1
 Ensorcelled Hibernation  Hex/Ice        30%        N/A       16%         2
 Lesser Beckoning         Tloc           30%        N/A       16%         2
 Gell's Gravitas          Tloc           15%        N/A       30%         3
 Summon Ice Beast         Ice/Summ       15%        N/A       30%         3
 Teleport Other           Tloc           15%        N/A       30%         3
 Spellforged Servitor     Conj/Summ      35%        N/A       52%         7
 Summon Mana Viper        Hex/Summ       15%        N/A       95%         5
 Sculpt Simulacrum        Ice/Alch       7%         N/A       100%        6
 Monstrous Menagerie      Summ           7%         N/A       100%        7
 Fire Storm               Conj/Fire      43%        8d11      100%        9
 Cigotuvi's Dreadful Rot  Necr/Alch/Air  Unusable   N/A       N/A         2

Dungeon Overview and Level Annotations

Branches:
Dungeon (15/15)            Temple (1/1) D:7            Lair (5/5) D:11
  Swamp (4/4) Lair:2       Spider (2/4) Lair:3        Slime (0/5) Lair:5
    Orc (2/2) D:9             Elf (0/3) Orc:2        Vaults (0/5) D:13
 Depths (0/4) D:15          Sewer (visited)         Ossuary (visited)
 Bailey (visited)         Gauntlet (visited)

Altars:
Ashenzari
Cheibriados
Dithmenos
Elyvilon
Fedhas
Gozag
Hepliaklqana
Kikubaaqudgha
Makhleb
Nemelex Xobeh
Okawaru
Qazlal
Ru
Sif Muna
Trog
Uskayaw
Vehumet
Wu Jian
Xom
Yredelemnul
Zin
The Shining One
Beogh
Jiyva

Shops:
D:5 [   D:9 (   Orc:1 (   Orc:2 :*([

Annotations:
D:3 3 runed translucent doors, runemasterragnar's ghost, weakling CoBe


Innate Abilities, Weirdness & Mutations

You are immune to sickness and miasma.
Your stone body is resilient. (AC +12)
You are immune to poison.
Your large and strong wings let you fly.
You resist negative energy. (rN+)
You are resistant to electric shocks. (rElec)
You are resistant to unholy torment.
You are immune to petrification.


Message History

Casting: Lee's Rapid Deconstruction (safe; 1% risk of failure)
Confirm with . or Enter, or press ? or * to list all spells.
Aiming: Stone Arrow (safe; 0% risk of failure)
Press: ? - help, Shift-Dir - straight line, f - culicivora
Aim: a culicivora (moderately wounded, 61% to hit)
You feel a surge of power!
The stone arrow misses the culicivora.
The sun moth's wings beat fiercely.
The flurry of pyrophoric scales hits you.
You are covered in intense liquid fire!
The culicivora bites you.
Casting: Stone Arrow (safe; 0% risk of failure)
Confirm with . or Enter, or press ? or * to list all spells.
You don't have enough magic to cast this spell.
Unknown command.
You barely miss the culicivora.
The culicivora is moderately wounded.
The liquid fire burns you! The culicivora bites you! The sun moth bites you!
The culicivora bites you but does no damage.
You block the sun moth's attack.
You feel much better. The liquid fire burns you! The culicivora bites you!
You block the sun moth's attack. The culicivora bites you!
Magic courses through your body. The liquid fire burns you!
* * * LOW HITPOINT WARNING * * *
You block the sun moth's attack. The culicivora bites you!!
* * * LOW HITPOINT WARNING * * *
Casting: Stone Arrow (safe; 0% risk of failure)
Confirm with . or Enter, or press ? or * to list all spells.
Aiming: Lehudib's Crystal Spear (quite dangerous; 13% risk of failure)
Press: ? - help, Shift-Dir - straight line, f - sun moth, p - culicivora
Aim: a sun moth (77% to hit)
You feel a surge of power!
The crystal spear hits the sun moth!!!
You kill the sun moth!
Vehumet accepts your kill.
You feel your power returning. The liquid fire burns you!
You die...

...###............^..#...........
...##......##.................#..
....##..##.#.....................
.....#######..........#..........
...^..# ###...................
.#..### ##..................
##### #.....#............ ######
#.................. ##...##
#†@†##............# #.....##
###..s.#...##........ ...^...##
#.........##......... ..#.....##
##...............#^...
..##.....###.............#.####..
..#......##^.....##.....#### ###
.##.......##......###...#
..#......###........#...#
.####....##........##...#


You could see a culicivora.

Vanquished Creatures
  Saint Roka (Orc:2)
  A tentacled monstrosity (Swamp:4)
  Jorgrun (Orc:1)
  Gastronok (D:11)
  A thorn hunter (Swamp:1)
  2 emperor scorpions (Spider:1)
  A ghoul (Swamp:3)
  A reaper (Gauntlet)
  A broodmother (Spider:1)
  Nessos (Lair:3)
  5 eleionomae
  2 very ugly things (Swamp:4)
  2 bunyips (Swamp:1)
  Snorg (Lair:3)
  A minotaur (Gauntlet)
  2 green deaths (Swamp:4)
  An entropy weaver (Spider:1)
  Josephine (Lair:3)
  A fire dragon (Lair:2)
  Harold (Orc:1)
  A rakshasa (D:15)
  8 alligators
  Erolcha (Orc:1)
  3 catoblepae
  19 hydras
  An ogre mage (Orc:2)
  5 centaur warriors
  8 two-headed ogres
  A death knight (D:12)
  6 boulder beetles
  6 death yaks (Lair:3)
  4 demonic crawlers
  Urug (Lair:3)
  A vampire mage (D:15)
  A thrashing horror (Swamp:4)
  An orc high priest (Orc:2)
  An occultist (D:15)
  Sonja (D:12)
  A fire crab (Lair:5)
  3 skysharks
  A storm dragon skeleton (D:15)
  3 skeletal warriors (D:15)
  7 goliath frogs
  2 orb spiders
  A large abomination (Swamp:4)
  9 bog bodies
  2 spriggan druids (Lair:2)
  A sun moth (Spider:1)
  7 swamp dragons
  3 lindwurms (Lair:5)
  A necromancer (D:15)
  3 orc knights (Orc:2)
  2 deep elf pyromancers
  21 ugly things
  3 orc sorcerers (Orc:2)
  5 wolf spiders
  Maurice (D:8)
  3 meliai (D:14)
  5 manticores
  3 cyclopes
  3 will-o-the-wisps
  A molten gargoyle (Gauntlet)
  6 elephants (Lair:4)
  A torpor snail (Lair:5)
  2 kobold blastminers (Orc:2)
  6 black mambas
  3 orange demons (Swamp:4)
  7 cane toads
  2 gargoyles
  Maggie (D:9)
  2 rime drakes (Lair:5)
  Jeremiah (D:9)
  2 unseen horrors
  13 komodo dragons
  2 kobold demonologists (Bailey)
  A freezing wraith (D:14)
  3 tengu conjurers
  5 trolls
  A hellwing (Gauntlet)
  12 tyrant leeches
  2 blink frogs (Lair:5)
  5 tarantellas
  2 raiju (shapeshifter) (D:14)
  2 dream sheep (Lair:5)
  8 hornets
  23 slime creatures
  6 jumping spiders (Spider:1)
  A centaur simulacrum (D:14)
  A spriggan skeleton (D:15)
  2 vampires
  2 culicivoras (Spider:1)
  5 shadows
  8 wyverns
  3 spriggans (Swamp:2)
  7 wraiths
  54 yaks
  2 fire bats (Lair:2)
  4 basilisks
  A fire elemental (Lair:2)
  21 redbacks
  5 vampire mosquitoes (Swamp:1)
  2 steam dragons
  6 wargs
  14 swamp worms
  4 acid dragons
  An acid dragon (shapeshifter) (D:14)
  16 water moccasins
  8 ice beasts
  3 swamp drakes
  40 orc warriors
  A sky beast (D:8)
  A black bear (Lair:4)
  A small abomination (Swamp:4)
  4 ogres
  16 wolves
  5 centaurs
  2 phantoms
  3 kobold brigands
  Blork the orc (D:5)
  A weeping skull (D:10)
  11 bullfrogs
  10 scorpions
  2 jellies
  14 wights
  14 killer bees
  3 electric eels
  2 bombardier beetles
  A centaur zombie (Ossuary)
  2 human zombies (Ossuary)
  4 hounds
  16 orc priests
  Crazy Yiuf (D:2)
  A sleepcap (D:4)
  2 gnoll boudas (D:8)
  2 iguanas
  A scorpion zombie (Ossuary)
  Natasha (thrice) (D:2)
  22 orc wizards
  5 hell rats (Lair:5)
  3 mummies (Ossuary)
  Robin (D:2)
  9 gnolls
  A river rat (D:6)
  8 adders
  2 shadow imps
  2 white imps
  2 ufetubi (D:7)
  3 adder zombies (Ossuary)
  2 ribbon worms
  3 dart slugs
  57 orcs
  18 ball pythons
  9 endoplasms
  5 giant cockroaches
  3 gnoll zombies (Ossuary)
  21 goblins
  10 hobgoblins
  4 jackals (D:1)
  14 kobolds
  5 quokkas
  A ball python zombie (Ossuary)
  7 bats
  3 frilled lizards
  4 jackal zombies (Ossuary)
  4 orc zombies (Ossuary)
  33 rats
  A spectral orc (D:10)
902 creatures vanquished.

Vanquished Creatures (others)
  A tyrant leech (Swamp:1)
  16 ball lightnings
  4 foxfires
21 creatures vanquished.

Grand Total: 923 creatures vanquished

Notes
Turn   | Place    | Note
-------+----------+-------------------------------------------
     0 | D:1      | CougarLife the Gargoyle Earth Elementalist began the quest
                  | for the Orb.
     0 | D:1      | Reached XP level 1. HP: 10/10 MP: 3/3
   103 | D:1      | Reached XP level 2. HP: 15/15 MP: 0/5
   495 | D:1      | Reached skill level 4 in Earth Magic
   714 | D:1      | Reached XP level 3. HP: 15/19 MP: 3/6
  1201 | D:2      | Noticed Natasha
  1210 | D:2      | Killed Natasha
  1211 | D:2      | Reached XP level 4. HP: 11/24 MP: 2/8
  1485 | D:2      | Found a runed translucent door.
  1486 | D:2      | Noticed Crazy Yiuf
  1500 | D:2      | Noticed Robin
  1504 | D:2      | Killed Robin
  1776 | D:2      | Found a radiant altar of Vehumet.
  1811 | D:2      | Became a worshipper of Vehumet
  1878 | D:2      | Noticed Natasha
  1882 | D:2      | Killed Natasha
  1987 | D:2      | Learned a level 3 spell: Stone Arrow
  1990 | D:2      | Killed Crazy Yiuf
  1991 | D:2      | Reached XP level 5. HP: 8/28 MP: 1/9
  2231 | D:3      | Reached skill level 5 in Earth Magic
  2252 | D:3      | HP: 1/28 [orc priest/+2 flail of protection (6)]
  2429 | D:3      | Reached * piety under Vehumet
  2429 | D:3      | Offered knowledge of Kiss of Death by Vehumet.
  2528 | D:3      | Found a faded altar of an unknown god.
  2780 | D:3      | Found a runed translucent gate.
  2781 | D:3      | Found a runed translucent gate.
  2783 | D:3      | Found a runed translucent gate.
  2784 | D:3      | Noticed a kobold brigand
  2785 | D:3      | Noticed runemasterragnar's ghost (weakling CoBe)
  3154 | D:4      | Reached XP level 6. HP: 32/32 MP: 6/11
  3202 | D:4      | Found a sand-covered staircase.
  3206 | Ossuary  | Entered an ossuary
  3567 | Ossuary  | Reached skill level 6 in Earth Magic
  3567 | Ossuary  | Reached XP level 7. HP: 36/36 MP: 7/13
  3761 | Ossuary  | Reached skill level 5 in Conjurations
  3878 | Ossuary  | Reached skill level 5 in Spellcasting
  3903 | Ossuary  | Reached ** piety under Vehumet
  3904 | Ossuary  | Reached skill level 7 in Earth Magic
  3904 | Ossuary  | Reached XP level 8. HP: 41/41 MP: 8/15
  4001 | Ossuary  | Offered knowledge of Momentum Strike by Vehumet.
  4311 | D:2      | Noticed Natasha
  4315 | D:2      | Killed Natasha
  4802 | D:4      | Got the Handbook of Tephra and Chilblains
  5598 | D:5      | Entered Level 5 of the Dungeon
  5677 | D:5      | Found Conizxei's Armour Shoppe.
  5830 | D:5      | Reached skill level 1 in Air Magic
  6323 | D:5      | Noticed Blork the orc
  6325 | D:5      | Killed Blork the orc
  6451 | D:6      | Offered knowledge of Volatile Blastmotes by Vehumet.
  6452 | D:6      | Reached XP level 9. HP: 24/45 MP: 6/17
  6455 | D:6      | Reached skill level 8 in Earth Magic
  6524 | D:6      | Found a glowing drain.
  6526 | D:6      | Reached *** piety under Vehumet
  6531 | Sewer    | Entered a sewer
  6652 | Sewer    | Offered knowledge of Mephitic Cloud by Vehumet.
  6951 | D:6      | Reached **** piety under Vehumet
  6976 | D:6      | Found a white marble altar of Elyvilon.
  7265 | D:7      | Noticed a two-headed ogre
  7267 | D:7      | Noticed a +0 hand axe
  7269 | D:7      | Noticed a +0 hand axe
  7273 | D:7      | Killed a two-headed ogre
  7275 | D:7      | Offered knowledge of Iskenderun's Battlesphere by Vehumet.
  7377 | D:7      | Noticed a hornet
  7382 | D:7      | Killed a hornet
  7403 | D:7      | Learned a level 5 spell: Freezing Cloud
  7416 | D:7      | Found a hide-covered altar of Uskayaw.
  7490 | D:7      | Found a staircase to the Ecumenical Temple.
  7524 | Temple   | Entered the Ecumenical Temple
  7538 | D:7      | Reached skill level 1 in Fighting
  7571 | D:7      | Reached XP level 10. HP: 52/52 MP: 12/19
  7733 | D:7      | Reached skill level 9 in Earth Magic
  7987 | D:8      | Found a flagged portal.
  8069 | Bailey   | Entered a bailey
  8420 | Bailey   | Reached ***** piety under Vehumet
  8420 | Bailey   | Offered knowledge of Plasma Beam by Vehumet.
  8867 | Bailey   | Noticed a kobold demonologist
  8871 | Bailey   | Killed a kobold demonologist
  9226 | Bailey   | Found an iron altar of Okawaru.
  9226 | Bailey   | Noticed a kobold demonologist
  9229 | Bailey   | Killed a kobold demonologist
  9230 | Bailey   | Reached skill level 10 in Earth Magic
  9349 | Bailey   | Identified the +0 robe "Hoag" {Fly rPois Regen+ Int-2}
  9371 | Bailey   | Got the Parchment of the Six Portals
  9546 | D:8      | Noticed Maurice
  9553 | D:8      | Killed Maurice
  9650 | D:8      | Reached skill level 5 in Fighting
  9760 | D:8      | Reached XP level 11. HP: 63/63 MP: 14/22
  9785 | D:8      | Reached skill level 10 in Conjurations
 10107 | D:8      | Found a shimmering altar of Xom.
 10113 | D:8      | Found a glowing golden altar of the Shining One.
 10117 | D:8      | Found a glowing silver altar of Zin.
 10439 | D:9      | Noticed Maggie
 10446 | D:9      | Killed Maggie
 10448 | D:9      | Found a staircase to the Orcish Mines.
 10523 | D:9      | Noticed Jeremiah
 10526 | D:9      | Killed Jeremiah
 10590 | D:9      | Acquired a +4 ring of protection
 10748 | D:9      | Found Yshovvea's Weapon Emporium.
 11283 | D:10     | Entered Level 10 of the Dungeon
 11283 | D:10     | Noticed a two-headed ogre
 11288 | D:9      | Reached skill level 11 in Earth Magic
 11504 | D:10     | Offered knowledge of Spellforged Servitor by Vehumet.
 11530 | D:10     | Killed a two-headed ogre
 12086 | D:10     | Found a basalt altar of Yredelemnul.
 12656 | D:11     | Reached XP level 12. HP: 60/72 MP: 17/25
 12705 | D:11     | Found a staircase to the Lair.
 12723 | D:11     | Reached skill level 12 in Earth Magic
 12723 | D:11     | Noticed Gastronok
 12739 | D:11     | Killed Gastronok
 13100 | D:11     | Noticed a two-headed ogre
 13107 | D:11     | Killed a two-headed ogre
 13642 | Lair:1   | Entered Level 1 of the Lair of Beasts
 15032 | Lair:2   | Reached skill level 13 in Earth Magic
 15045 | Lair:2   | Reached skill level 10 in Spellcasting
 15049 | Lair:2   | Found a staircase to the Swamp.
 15178 | Lair:2   | Noticed a boulder beetle
 15185 | Lair:2   | Killed a boulder beetle
 15222 | Lair:2   | Reached XP level 13. HP: 76/80 MP: 17/27
 15247 | Lair:2   | Offered knowledge of Fireball by Vehumet.
 15438 | Lair:2   | Identified the +5 ring mail "Qyneudel" {-Tele Rampage rF+
                  | Regen+ Stlth+}
 15582 | Lair:2   | Noticed a fire dragon
 15588 | Lair:2   | Killed a fire dragon
 16043 | Lair:3   | Reached skill level 10 in Fighting
 16345 | Lair:3   | Found a hole to the Spider Nest.
 16468 | Lair:3   | Noticed Urug
 16473 | Lair:3   | Noticed Snorg
 16473 | Lair:3   | Killed Urug
 16474 | Lair:3   | Reached skill level 14 in Earth Magic
 16479 | Lair:3   | Killed Snorg
 16480 | Lair:3   | Noticed Nessos
 16484 | Lair:3   | Noticed Josephine
 16486 | Lair:3   | Killed Nessos
 16510 | Lair:3   | Killed Josephine
 17016 | Lair:4   | Reached skill level 1 in Shields
 17368 | Lair:4   | Gained mutation: Your large and strong wings let you fly.
                  | [Gargoyle growth]
 17368 | Lair:4   | Reached XP level 14. HP: 88/88 MP: 21/29
 17565 | Lair:4   | Offered knowledge of Lee's Rapid Deconstruction by Vehumet.
 17715 | Lair:4   | Learned a level 5 spell: Lee's Rapid Deconstruction
 18153 | Lair:4   | Identified the +1 ring mail "Zabluty" {Regen+ Slay+2
                  | Stlth+}
 18610 | Lair:5   | Entered Level 5 of the Lair of Beasts
 18835 | Lair:5   | Reached skill level 5 in Shields
 19035 | Lair:5   | Found a staircase to the Slime Pits.
 19043 | Lair:5   | Found a viscous altar of Jiyva.
 19337 | Lair:5   | Reached skill level 15 in Earth Magic
 19846 | Lair:5   | Identified the +6 hand axe of Bile {freeze, rC- Dex+3
                  | Stlth+}
 19853 | Lair:5   | Acquired a book of Power
 20365 | Lair:5   | Offered knowledge of Starburst by Vehumet.
 20489 | Lair:5   | Learned a level 6 spell: Starburst
 21018 | D:12     | Noticed Sonja
 21020 | D:12     | Killed Sonja
 21162 | D:12     | Reached skill level 1 in Fire Magic
 21242 | D:12     | Identified the +0 trident "Coepad" {flame, *Noise rPois
                  | rC+++ SInv}
 21243 | D:12     | Identified the +5 war axe of Doom {flame, ^Contam *Slow
                  | rC++ rN+++}
 21699 | D:12     | Reached XP level 15. HP: 93/93 MP: 22/31
 22212 | Orc:1    | Entered Level 1 of the Orcish Mines
 22212 | Orc:1    | Found Dymp's Antique Weapon Emporium.
 22217 | Orc:1    | Noticed Jorgrun
 22226 | Orc:1    | Killed Jorgrun
 22500 | Orc:1    | Noticed Harold
 22507 | Orc:1    | Killed Harold
 22570 | Orc:1    | Noticed Erolcha
 22576 | Orc:1    | Killed Erolcha
 22720 | Orc:2    | Entered Level 2 of the Orcish Mines
 23110 | Orc:2    | Reached ****** piety under Vehumet
 23296 | Orc:2    | Noticed Saint Roka
 23312 | Orc:2    | Killed Saint Roka
 23312 | Orc:2    | Offered knowledge of Yara's Violent Unravelling by Vehumet.
 23435 | Orc:2    | Reached skill level 15 in Conjurations
 23472 | Orc:2    | Reached skill level 10 in Shields
 23472 | Orc:2    | Reached skill level 16 in Earth Magic
 23540 | Orc:2    | Found a roughly hewn altar of Beogh.
 23540 | Orc:2    | Found Yzuanach's Book Shop.
 23564 | Orc:2    | Found Kysur's General Store.
 23572 | Orc:2    | Bought a scroll of fear for 64 gold pieces
 23572 | Orc:2    | Bought a potion of magic for 128 gold pieces
 23572 | Orc:2    | Bought a potion of ambrosia for 128 gold pieces
 23580 | Orc:2    | Found Mups's Antique Armour Shop.
 23784 | Orc:2    | Found a staircase to the Elven Halls.
 23834 | Orc:2    | Found Diezuxze's Antique Weapon Shop.
 24107 | D:5      | Bought a +0 kite shield for 54 gold pieces
 24114 | D:5      | Learned a level 6 spell: Conjure Ball Lightning
 25443 | D:13     | Found a gate to the Vaults.
 26157 | D:14     | Offered knowledge of Lehudib's Crystal Spear by Vehumet.
 26420 | D:14     | Reached skill level 5 in Fire Magic
 26883 | D:15     | Entered Level 15 of the Dungeon
 26963 | D:15     | Reached XP level 16. HP: 99/99 MP: 7/32
 27052 | D:15     | Found a gate leading to a gauntlet.
 27067 | Gauntlet | Entered a Gauntlet
 27067 | Gauntlet | Found a transporter.
 27265 | Gauntlet | Found a transporter.
 27286 | Gauntlet | Found a transporter.
 27287 | Gauntlet | Found a transporter.
 27307 | Gauntlet | Found a transporter.
 27320 | Gauntlet | Found a transporter.
 27328 | Gauntlet | Found a transporter.
 27332 | Gauntlet | Found a transporter.
 27360 | Gauntlet | Found a transporter.
 27386 | Gauntlet | Found a transporter.
 27386 | Gauntlet | Found a transporter.
 27393 | Gauntlet | Found a transporter.
 27738 | Gauntlet | Identified the +0 pair of gloves "Gaylisa" {rPois rC+
                  | Str+3}
 27787 | Gauntlet | Learned a level 8 spell: Lehudib's Crystal Spear
 28598 | D:15     | Found a staircase to the Depths.
 29298 | Swamp:1  | Entered Level 1 of the Swamp
 29408 | Swamp:1  | Noticed a thorn hunter
 29416 | Swamp:1  | Killed a thorn hunter
 30008 | Swamp:1  | Identified the +0 pair of gloves "Maegh" {rPois Stlth+}
 30362 | Swamp:2  | Reached skill level 1 in Armour
 30515 | Swamp:2  | Offered knowledge of Chain Lightning by Vehumet.
 30515 | Swamp:2  | Offered knowledge of Polar Vortex by Vehumet.
 30515 | Swamp:2  | Offered knowledge of Ignition by Vehumet.
 30673 | Swamp:2  | Found the brooch of Shielding {Spirit SH+8}
 32114 | Swamp:3  | Reached skill level 17 in Earth Magic
 32114 | Swamp:3  | Reached XP level 17. HP: 93/103 MP: 20/34
 32289 | Swamp:4  | Entered Level 4 of the Swamp
 32881 | Swamp:4  | Reached skill level 5 in Armour
 32941 | Swamp:4  | Noticed a tentacled monstrosity
 32948 | Swamp:4  | Killed a tentacled monstrosity
 34721 | Swamp:4  | Got a decaying rune of Zot
 34764 | Swamp:4  | Identified the +7 spear of Gobeecwo {drain, rCorr}
 35240 | Spider:1 | Entered Level 1 of the Spider Nest
 36002 | Spider:1 | Reached skill level 18 in Earth Magic
 36175 | Spider:1 | Incinerated by a sun moth

Illustrated notes

Levels and vault maps discovered:
D:1:      minmay_arrival_stair_chambers, layout_loops_cross
D:2:      layout_basic, basic_altar, chequers_serial_rivers_marsh, uniq_robin,
          uniq_natasha, uniq_crazy_yiuf_cottage
D:3:      layout_basic, gammafunk_ghost_nasty_kobolds,
          ebering_ecumenical_altar_webs, nrook_mini_vaults, minmay_fountain_box,
          minmay_cupped
D:4:      layout_layer_cave, enter_ossuary_5
D:5:      layout_gridville, serial_shops, shop, uniq_blork_the_orc
D:6:      layout_loops_ring, elyvilon_altar_3, gup_sewer_entry_bubbles
D:7:      layout_cave_pools, dancing_weapons_uskayaw, temple_fountains
D:8:      layout_basic, minmay_overflow_temple_star_quad, enter_bailey_7,
          nicolae_grassy_gnolls, uniq_maurice
D:9:      layout_basic, david_orc_3, serial_shops, kennysheep_mini,
          uniq_jeremiah, uniq_maggie
D:10:     minmay_twisted_water, layout_rooms,
          yredelemnul_forgotten_temple_becter, worms_lemuel
D:11:     layout_basic, minmay_lair_entry_grove, minmay_misc_feat_doors,
          uniq_gastronok
D:12:     layout_irregular_city, minmay_misc_feat_more_columns, minmay_radiant,
          uniq_sonja
D:13:     layout_small_grid, hellmonk_vaults_attempted_burglary
D:14:     layout_irregular_city, chequers_serial_rivers_room_a
D:15:     gammafunk_depths_entry_grave, layout_loops_ring, nrook_mini_backslash,
          gauntlet_entry_generic
Temple:   compressed_dpeg_triangle_lava_temple
Lair:1:   layout_cave_pods, serial_bayou_shore_b, grunt_megastairs_3,
          infiniplex_staircase_pool_2
Lair:2:   dragon1_lemuel, layout_misc_corridors,
          mainiacjoe_swamp_entry_angry_trees
Lair:3:   layout_gridlike, nicolae_spider_entry_orb_guardian, uniq_snorg,
          uniq_urug, uniq_josephine, uniq_nessos
Lair:4:   layout_regular_city, serial_rivers, chequers_serial_rivers_room_b,
          chequers_serial_rivers_room_b, chequers_serial_rivers_micro_a,
          chequers_serial_rivers_large_a, chequers_serial_rivers_room_b,
          minivault_27, grunt_megastairs_2, serial_bayou_shore_b,
          lemuel_fruit_fields
Lair:5:   hangedman_lair_in_review, layout_small_grid,
          minmay_slime_entry_pillars, hangedman_lair_generics_rect,
          serial_bayou_shore_b
Swamp:1:  layout_basic_swamp, nicolae_swamp_round_clearing,
          infiniplex_staircase_pool
Swamp:2:  layout_falls_marsh, nicolae_swamp_bean_lake
Swamp:3:  layout_basic_swamp, nicolae_swamp_dense_foliage, swamp_pool_1_2,
          nicolae_swamp_long_stream
Swamp:4:  swamp_vile, layout_basic_swamp
Spider:1: layout_spider_delve
Spider:2: layout_spider_delve, drop_trap
Orc:1:    layout_diamond_mine, serial_shops, nicolae_shop_crystal, uniq_erolcha,
          uniq_harold, uniq_jorgrun
Orc:2:    grunt_orc_cross, layout_diamond_mine

Skill      XL: |  1  2  3  4  5  6  7  8  9 10 11 12 13 14 15 16 17 |
---------------+----------------------------------------------------+-----
Earth Magic    | 4 5 6 7 8 10 11 13 14 15 16 17 18 | 18.0
Conjurations   | 2 3 4 5 7 8 9 11 12 13 14 15 16 17 | 17.0
Spellcasting   | 3 4 5 6 7 9 10 11 12 13 | 13.8
Air Magic      | 2 4 |  4.4
Fighting       | 1 5 7 9 10 | 10.6
Shields        | 3 8 10 11 | 11.9
Fire Magic     | 1 5 8 9 |  9.6
Armour         | 4 5 |  5.6
Dodging        | |  1.5
Stealth        | |  2.1

Action                     |  1- 3 |  4- 6 |  7- 9 | 10-12 | 13-15 | 16-18 || total
---------------------------+-------+-------+-------+-------+-------+-------++-------
  Melee: Mace              |     8 |    10 |    40 |       |       |       ||    58
         Flail             |       |       |     8 |       |       |       ||     8
         Staff             |       |       |     2 |     5 |     6 |    38 ||    51
   Cast: Sandblast         |    40 |    92 |   170 |   158 |   125 |     5 ||   590
         Stone Arrow       |       |     8 |    23 |    97 |   247 |   253 ||   628
         Freezing Cloud    |       |       |     2 |    78 |   145 |    88 ||   313
         Lee's Rapid Decon |       |       |       |       |    46 |    65 ||   111
         Starburst         |       |       |       |       |    20 |    48 ||    68
         Conjure Ball Ligh |       |       |       |       |     9 |     2 ||    11
         Lehudib's Crystal |       |       |       |       |       |    15 ||    15
    Use: Potion            |       |     1 |       |       |     6 |     5 ||    12
         Scroll            |       |       |       |     1 |    28 |     1 ||    30
 Armour: Robe              |    15 |    41 |   109 |    31 |       |       ||   196
         Acid dragon scale |       |       |       |    71 |   206 |   277 ||   554
  Dodge: Dodged            |    10 |    31 |   114 |    52 |    87 |    81 ||   375
  Block: Kite shield       |       |       |       |       |    21 |   134 ||   155

Table legend: (Time is in decaauts)
 A = Elapsed time spent in this place.
 B = Non-inter-level travel time spent in this place.
 C = Inter-level travel time spent in this place.
 D = Time resting spent in this place.
 E = Time spent auto-exploring this place.
 F = Levels seen in this place.
 G = Mean time per level.
                   A        B        C        D        E       F      G
               +--------+--------+--------+--------+--------+-----+--------+
         Total |  36691 |  34454 |   2237 |  12438 |  15282 |  33 | 1111.8 |
       Dungeon |  17080 |  15610 |   1470 |   3688 |   9114 |  15 | 1138.7 |
        Temple |      1 |      1 |      0 |      0 |      0 |   1 |    1.0 |
          Lair |   7848 |   7291 |    557 |   2789 |   3367 |   5 | 1569.6 |
         Swamp |   5703 |   5535 |    168 |   3292 |   1132 |   4 | 1425.8 |
   Spider Nest |    666 |    656 |     10 |    133 |    342 |   2 |  333.0 |
  Orcish Mines |   1833 |   1804 |     29 |    667 |    676 |   2 |  916.5 |
         Sewer |    292 |    292 |      0 |      0 |    195 |   1 |  292.0 |
       Ossuary |   1038 |   1038 |      0 |    493 |    187 |   1 | 1038.0 |
        Bailey |   1358 |   1358 |      0 |    943 |    114 |   1 | 1358.0 |
      Gauntlet |    868 |    868 |      0 |    433 |    153 |   1 |  868.0 |
               +--------+--------+--------+--------+--------+-----+--------+

Top non-repeatable levels by time:
 Swamp:3: 2171 daAuts
  Lair:5: 2111 daAuts
 Swamp:4: 1785 daAuts
    D:12: 1748 daAuts
  Lair:4: 1623 daAuts
  Lair:1: 1521 daAuts
  Lair:3: 1518 daAuts
    D:11: 1467 daAuts
    D:14: 1398 daAuts
     D:2: 1381 daAuts
    D:15: 1371 daAuts
  Bailey: 1358 daAuts
     D:4: 1203 daAuts
     D:9: 1185 daAuts
     D:3: 1150 daAuts
